 Dungeon Crawl Stone Soup version 0.27-a0-1181-g5f64966fcc (webtiles) character file.

Game seed: 9974560256980559187

35 bande the Shield-Bearer (level 3, -5/23 HPs)
             Began as a Gargoyle Fighter on May 17, 2021.
             Slain by Sigmund
             ... wielding a +2 scythe of freezing
              (6 damage)
             ... on level 2 of the Dungeon.
             The game lasted 00:02:29 (1929 turns).

bande the Shield-Bearer (Gargoyle Fighter)          Turns: 1929, Time: 00:02:29

Health: -5/23      AC: 14    Str: 19    XL:     3   Next: 33%
Magic:  3/3        EV:  3    Int:  8    God:
Gold:   20         SH: 10    Dex: 10    Spells: 2/2 levels left

rFire    . . .     SeeInvis .   a - +0 war axe
rCold    . . .     Faith    .   c - +1 kite shield
rNeg     + . .     Spirit   .   e - +0 plate armour
rPois    ∞         Reflect  .   (no helmet)
rElec    +         Harm     .   (no cloak)
rCorr    .         Rampage  .   (no gloves)
Will     .....                  (no boots)
Stlth    ..........             (no amulet)
HPRegen  0.07/turn              (no ring)
MPRegen  0.08/turn              (no ring)

@: mighty
A: sickness immunity, AC +3, negative energy resistance 1, electricity
resistance, torment resistance 1, petrification resistance
a: no special abilities


You were on level 2 of the Dungeon.
You visited 1 branch of the dungeon, and saw 2 of its levels.

You collected 20 gold pieces.

Inventory:

Hand Weapons
 a - a +0 war axe (weapon)
Armour
 c - a +1 kite shield (worn)
 e - a +0 plate armour (worn)
Scrolls
 b - a scroll of torment
Potions
 d - 2 potions of might


   Skills:
 + Level 3.5 Fighting
 + Level 2.3 Axes
 + Level 3.7 Armour
 + Level 3.7 Shields


You had 2 spell levels left.
You didn't know any spells.
Your spell library was empty.

Dungeon Overview and Level Annotations

Branches:
Dungeon (2/15)

Altars:

Shops:
D:2 :

Annotations:
D:2 Sigmund


Innate Abilities, Weirdness & Mutations

You are immune to sickness and miasma.
Your stone body is resilient. (AC +3)
You are immune to poison.
You resist negative energy. (rN+)
You are resistant to electric shocks. (rElec)
You are resistant to unholy torment.
You are immune to petrification.


Message History

You barely miss the frilled lizard. You block the frilled lizard's attack.
You slash the frilled lizard!
You kill the frilled lizard!
No target in view!
No target in view!
No target in view!
No target in view!
No target in view!
No target in view!
HP restored.
f - a scroll labelled HAUNWILIGU
There is an entrance to Fioskuom's Book Shop here.
As you read the scroll labelled UBOFRE ZACLEDU, it crumbles to dust.
Your body is wracked with pain!
It was a scroll of torment.
As you read the scroll labelled HAUNWILIGU, it crumbles to dust.
It is a scroll of enchant armour.
Your +0 kite shield glows green for a moment.
You start resting.
HP restored.
You start waiting.
Done waiting.
Found a spear.
A worm and Sigmund come into view.
Sigmund is wielding a +2 scythe of freezing.
Sigmund shouts!
You feel very mighty all of a sudden.
Sigmund hits you from afar with a +2 scythe of freezing.
Sigmund freezes you. Sigmund hits you but does no damage.
Your plate armour prevents you from hitting Sigmund.
Sigmund hits you with a +2 scythe of freezing.
Sigmund freezes you. Sigmund casts a spell at you.
The magic dart hits you but does no damage.
You barely miss Sigmund. You slash the worm!
Sigmund hits you with a +2 scythe of freezing!
Ouch! That really hurt!
* * * LOW HITPOINT WARNING * * *
Sigmund freezes you.
You die...

#.#####.####...#
#.##...∩.......#
#.##.##.####...######
##.#.#.######.<......
##...>......)#######
##.#########. #.# ..
#.# ... #@## .#..
#@w# .##.# #..# .. .#
..... ........
###..##### #..# #..#
...#


You could see Sigmund and a worm.

Vanquished Creatures
  2 dart slugs
  3 ball pythons
  3 bats (D:1)
  A giant cockroach (D:1)
  4 goblins
  3 hobgoblins (D:1)
  A quokka (D:1)
  3 frilled lizards
  5 kobolds (D:1)
  4 rats (D:1)
29 creatures vanquished.

Notes
Turn   | Place    | Note
-------+----------+-------------------------------------------
     0 | D:1      | bande the Gargoyle Fighter began the quest for the Orb.
     0 | D:1      | Reached XP level 1. HP: 14/14 MP: 1/1
   150 | D:1      | Found a faded altar of an unknown god.
   232 | D:1      | Reached XP level 2. HP: 5/19 MP: 2/2
  1338 | D:1      | Reached XP level 3. HP: 23/23 MP: 3/3
  1639 | D:2      | Found Fioskuom's Book Shop.
  1919 | D:2      | Noticed Sigmund
  1929 | D:2      | HP: 1/23 [Sigmund/+2 scythe of freezing (12)]
  1929 | D:2      | Slain by Sigmund

Illustrated notes

Levels and vault maps discovered:
D:1:      shiori_arrival_maze, layout_loops_corners,
          chequers_ecumenical_altar_island
D:2:      layout_loops_ring, serial_shops, shop, basic_altar, minmay_tromino_v2,
          uniq_sigmund, uniq_jessica

Skill      XL: |  1  2 |
---------------+-------+-----
Axes           | 2 |  2.3
Fighting       | |  3.5
Armour         | |  3.7
Shields        | |  3.7

Action                   || total
-------------------------++-------
Melee: War axe           ||   140
  Use: Potion            ||     3
       Scroll            ||     2
Armor: Plate armour      ||   120
Dodge: Dodged            ||    23
Block: Kite shield       ||    80

Table legend: (Time is in decaauts)
 A = Elapsed time spent in this place.
 B = Non-inter-level travel time spent in this place.
 C = Inter-level travel time spent in this place.
 D = Time resting spent in this place.
 E = Time spent auto-exploring this place.
 F = Levels seen in this place.
 G = Mean time per level.
                   A        B        C        D        E       F      G
               +--------+--------+--------+--------+--------+-----+--------+
         Total |   2018 |   2018 |      0 |    497 |   1122 |   2 | 1009.0 |
       Dungeon |   2018 |   2018 |      0 |    497 |   1122 |   2 | 1009.0 |
               +--------+--------+--------+--------+--------+-----+--------+

Top non-repeatable levels by time:
     D:1: 1714 daAuts
     D:2: 303 daAuts
